 Dungeon Crawl Stone Soup version 0.31.0-9-g3a7656b989 (webtiles) character file.

Game seed: 11755229730330233128

5457 qw the Markself (level 10, -6/55 (59) HPs)
             Began as a Deep Elf Hunter on Feb 2, 2024.
             Was a Priest of Okawaru.
             Mangled by a hornet (7 damage)
             ... while paralysed by a hornet
             ... on level 9 of the Dungeon.
             The game lasted 00:00:49 (6818 turns).

qw the Markself (Deep Elf Hunter)                   Turns: 6818, Time: 00:00:49

HP:   -6/55 (59)    AC: 10    Str: 12    XL:     10   Next: 41%
MP:   14/15         EV:  2    Int: 15    God:    Okawaru [***...]
Gold: 450           SH:  0    Dex: 18    Spells: 9/9 levels left

rFire   + . .        b - +1 orcbow
rCold   . . .        (shield currently unavailable)
rNeg    . . .        e - +3 ring mail
rPois   .            (no helmet)
rElec   .            (no cloak)
rCorr   .            m - +0 pair of gloves
SInv    .            (no boots)
Will    +....        i - amulet of regeneration
Stlth   +++          l - ring "Joceinyc" {+Blink rF+ EV+5}
HPRegen 1.09/turn    (no ring)
MPRegen 0.14/turn

%: no passive effects
@: paralysed, lethally poisoned (-6 -> -13), about to teleport, heroic, hasted,
drained
A: no striking features
a: Renounce Religion, Evoke Blink, Heroism


You were on level 9 of the Dungeon.
You worshipped Okawaru.
Okawaru was most pleased with you.
You visited 2 branches of the dungeon, and saw 10 of its levels.

You collected 450 gold pieces.


   Skills:
 + Level 5.3(10.3) Fighting
 - Level 16.0(21.0) Ranged Weapons
 - Level 2.0(7.0) Armour
 - Level 8.0(13.0) Dodging
 - Level 1.2(6.2) Stealth
 - Level 4.0 Invocations


You had 9 spell levels left.
You didn't know any spells.
Your spell library was empty.

Inventory:

Hand Weapons
 b - a +1 orcbow (weapon)
Armour
 e - a +3 ring mail (worn)
 m - a +0 pair of gloves (worn)
Jewellery
 i - an amulet of regeneration (around neck)
 l - the ring "Joceinyc" (left hand) {+Blink rF+ EV+5}
   (You found it on level 3 of the Dungeon)

   [ring of evasion]

   EV+5:      It affects your evasion (+5).
   rF+:       It protects you from fire.
   +Blink:    It lets you blink.
Wands
 c - a wand of polymorph (7)
 j - a wand of digging (6)
Potions
 a - a potion of attraction {unknown}
 f - 2 potions of mutation
 h - a potion of might

Dungeon Overview and Level Annotations

Branches:
Dungeon (9/15)             Temple (1/1) D:6
   Lair: D:8-11         Orc: D:9-12

Altars:
Ashenzari
Cheibriados
Dithmenos
Elyvilon
Fedhas
Gozag
Hepliaklqana
Kikubaaqudgha
Makhleb
Nemelex Xobeh
Okawaru
Qazlal
Ru
Sif Muna
Trog
Uskayaw
Vehumet
Wu Jian
Xom
Yredelemnul
Zin
The Shining One
Jiyva

Shops:
D:1 ?   D:2 :

Portals:
Bailey: D:9

Annotations:
D:1 1 transporter
D:5 3 runed translucent doors, qw's ghost, amateur SpHu


Message History

You feel sick. The hornet completely misses you. The hornet misses you.
You shoot an arrow. The arrow barely misses the hornet.
The arrow hits the bullfrog!
You kill the bullfrog!
Okawaru accepts your kill.
You feel sick. The hornet stings you!
You are more poisoned.
You feel yourself slow down.
6812 ||| INVOKING Heroism.
You gain the combat prowess of a mighty hero.
You feel yourself speed up.
You feel very sick. The hornet completely misses you.
The hornet barely misses you.
You shoot an arrow. The arrow hits the hornet!!
The hornet is severely wounded.
You feel sick. The hornet barely misses you.
You shoot an arrow. The arrow closely misses the hornet.
The arrow closely misses the orc wizard.
You feel sick. The hornet barely misses you.
You shoot an arrow. The arrow closely misses the hornet.
The arrow barely misses the orc wizard.
You feel sick. The hornet stings you.
You are more poisoned.
You feel yourself slow down. The hornet misses you.
6816 ||| DRINKING potion of haste.
You feel yourself speed up.
You feel yourself speed up.
You feel very sick. The hornet stings you!
You feel yourself slow down. The hornet closely misses you.
6817 ||| READING scroll of teleportation.
As you read the scroll of teleportation, it crumbles to dust.
You feel strangely unstable.
You feel very sick. The hornet stings you.
You are lethally poisoned!
You suddenly lose the ability to move!
You feel yourself speed up.
You feel very sick. The hornet stings you!
You die...

#....#####.##...~.#
#..........#....~##
+..........#....~# ##
#..........#....~###.
#......^...#....~~~~~
#######..........######'.#.
.......o.{o................
....##)###y####.?..........
>. #.. #@# #............
#.. #.# #...%#+#####. #..
#.# #....#.....#% #). ###
#....#......% ###
#....#....... #....#.......
#....#....... #....#.......
########


You could see a hornet and an orc wizard.

Vanquished Creatures
  Pikel (D:6)
  10 yaks
  Menkaure (D:6)
  2 water moccasins (D:5)
  An orc warrior (D:9)
  An ice beast (D:7)
  A sky beast (D:7)
  2 black bears (D:6)
  2 ogres
  2 centaurs
  2 lemures (D:6)
  5 bullfrogs
  5 scorpions
  12 wights
  6 killer bees (D:9)
  3 howler monkeys
  7 jellies
  4 orc priests
  6 hounds
  An iguana (D:6)
  2 sleepcaps (D:5)
  An orc wizard (D:4)
  4 gnolls (D:9)
  5 adders
  2 shadow imps
  3 white imps
  3 dart slugs
  3 ribbon worms
  25 orcs
  A bat (D:1)
  3 endoplasms
  4 giant cockroaches
  12 goblins
  3 hobgoblins
  4 kobolds
  3 quokkas
  9 ball pythons
  2 frilled lizards
  7 rats
170 creatures vanquished.

Notes
Turn   | Place    | Note
-------+----------+-------------------------------------------
     0 | D:1      | qw the Deep Elf Hunter began the quest for the Orb.
     0 | D:1      | Reached XP level 1. HP: 12/12 MP: 3/3
     0 | D:1      | 0 ||| qw: Version: 0.3-a-155-g5e7d8dd
     0 | D:1      | 0 ||| qw: Game counter: 1041
     0 | D:1      | 0 ||| qw: Melee chars always use a shield: true
     0 | D:1      | 0 ||| qw: God list: Okawaru
     0 | D:1      | 0 ||| qw: Allow faded altars: false
     0 | D:1      | 0 ||| qw: Do Orc after clearing Dungeon:15 true
     0 | D:1      | 0 ||| qw: Do second Lair branch before Depths: true
     0 | D:1      | 0 ||| qw: Lair rune preference: random
     0 | D:1      | 0 ||| qw: Goals: Normal
     0 | D:1      | 0 ||| PLANNING D:1-11
   242 | D:1      | Reached XP level 2. HP: 16/16 MP: 4/4
   248 | D:1      | Reached skill level 6 in Ranged Weapons
   251 | D:1      | Found Boguc's Magic Scroll Shop.
   262 | D:1      | 262 ||| SHOPLISTING scroll of identify (26 gold, have 19).
   956 | D:1      | 956 ||| DROPPING ring of flight.
   957 | D:1      | 957 ||| READING scroll labelled VAIMPICIGOE.
   958 | D:1      | 958 ||| READING scroll labelled JES ATENAREMOITT.
   958 | D:1      | 958 ||| ENCHANTING +0 shortbow.
   959 | D:1      | 959 ||| DROPPING scroll of butterflies.
  1124 | D:2      | Reached XP level 3. HP: 20/20 MP: 5/5
  1394 | D:2      | Found Qeubrompes's Book Boutique.
  1778 | D:2      | 1778 ||| UPGRADING to +0 troll leather armour.
  1788 | D:2      | 1788 ||| DROPPING +0 leather armour.
  1789 | D:2      | 1789 ||| READING scroll labelled QUDUAH FECOUPI.
  1790 | D:2      | 1790 ||| READING scroll labelled OKHLYA IVOYC.
  1891 | D:2      | 1891 ||| READING scroll labelled RAGAHIQ NUEW.
  1891 | D:2      | 1891 ||| IDENTIFYING viscous yellow potion
  2030 | D:3      | Reached skill level 7 in Ranged Weapons
  2100 | D:3      | Identified the ring "Joceinyc" {+Blink rF+ EV+5}
  2205 | D:3      | Reached XP level 4. HP: 25/25 MP: 6/6
  2575 | D:3      | 2575 ||| UPGRADING to +0 pair of gloves.
  2580 | D:3      | 2580 ||| UPGRADING to ring "Joceinyc" {+Blink rF+ EV+5}.
  2581 | D:3      | 2581 ||| READING scroll labelled QOLOCZ GEZOP.
  2582 | D:3      | 2582 ||| READING scroll labelled YFESYA FELOKA.
  2683 | D:3      | 2683 ||| READING scroll labelled WUXIAM FAUTZAST.
  2684 | D:3      | 2684 ||| DRINKING 2 dark potions.
  2720 | D:4      | Noticed an ogre
  2726 | D:4      | Killed an ogre
  2727 | D:4      | Reached skill level 8 in Ranged Weapons
  2727 | D:4      | Reached XP level 5. HP: 29/29 MP: 7/7
  2745 | D:4      | Reached skill level 9 in Ranged Weapons
  2944 | D:4      | Reached skill level 3 in Dodging
  2955 | D:4      | Reached XP level 6. HP: 15/35 MP: 8/8
  3367 | D:4      | 3367 ||| UPGRADING to amulet of regeneration.
  3372 | D:4      | 3372 ||| DROPPING amulet of magic regeneration.
  3373 | D:4      | 3373 ||| READING scroll of identify.
  3373 | D:4      | 3373 ||| IDENTIFYING bubbling yellow potion
  3374 | D:4      | 3374 ||| READING scroll labelled LUUSOLIKES.
  3378 | D:4      | 3378 ||| DROPPING potion of ambrosia.
  3409 | D:5      | Entered Level 5 of the Dungeon
  3444 | D:5      | HP: 6/35 [scorpion (5)]
  3445 | D:5      | 3445 ||| DRINKING potion of heal wounds.
  3494 | D:5      | Reached skill level 10 in Ranged Weapons
  3545 | D:5      | Found a runed translucent gate.
  3546 | D:5      | Found a runed translucent gate.
  3547 | D:5      | Found a runed translucent gate.
  3547 | D:5      | Noticed qw's ghost (amateur SpHu)
  3572 | D:5      | Reached XP level 7. HP: 40/40 MP: 9/9
  3605 | D:5      | Reached skill level 11 in Ranged Weapons
  3606 | D:5      | 3606 ||| FLEEEEING.
  3678 | D:5      | 3678 ||| FLEEEEING.
  3680 | D:5      | 3680 ||| FLEEEEING.
  3681 | D:5      | 3681 ||| FLEEEEING.
  3805 | D:5      | Noticed a yak
  3805 | D:5      | Noticed a yak
  3805 | D:5      | Noticed a yak
  3806 | D:5      | 3806 ||| RETREEEEATING.
  3808 | D:5      | 3808 ||| RETREEEEATING.
  3809 | D:5      | Noticed a yak
  3810 | D:5      | 3810 ||| RETREEEEATING.
  3811 | D:5      | Noticed a yak
  3812 | D:5      | 3812 ||| RETREEEEATING.
  3813 | D:5      | 3813 ||| DRINKING potion of haste.
  3823 | D:5      | Killed a yak
  3824 | D:5      | Reached skill level 12 in Ranged Weapons
  3834 | D:5      | Killed a yak
  3835 | D:5      | Reached skill level 3 in Fighting
  3835 | D:5      | Reached XP level 8. HP: 20/46 MP: 10/10
  3846 | D:5      | 3846 ||| FLEEEEING.
  3847 | D:5      | 3847 ||| FLEEEEING.
  3848 | D:5      | 3848 ||| FLEEEEING.
  3849 | D:5      | 3849 ||| FLEEEEING.
  3851 | D:5      | 3851 ||| FLEEEEING.
  3852 | D:5      | 3852 ||| FLEEEEING.
  3853 | D:5      | 3853 ||| FLEEEEING.
  3854 | D:5      | 3854 ||| FLEEEEING.
  3855 | D:5      | 3855 ||| FLEEEEING.
  3856 | D:5      | 3856 ||| FLEEEEING.
  3857 | D:5      | 3857 ||| FLEEEEING.
  3858 | D:5      | 3858 ||| FLEEEEING.
  3890 | D:5      | Reached skill level 13 in Ranged Weapons
  4038 | D:5      | Reached skill level 14 in Ranged Weapons
  4136 | D:5      | Reached skill level 6 in Dodging
  4402 | D:5      | 4402 ||| UPGRADING to +2 leather armour of cold resistance.
  4412 | D:5      | 4412 ||| DROPPING +0 troll leather armour.
  4413 | D:5      | 4413 ||| UPGRADING to +3 ring mail.
  4423 | D:5      | 4423 ||| DROPPING +2 leather armour of cold resistance.
  4424 | D:5      | 4424 ||| DROPPING ring of wizardry.
  4425 | D:5      | 4425 ||| READING scroll of identify.
  4425 | D:5      | 4425 ||| IDENTIFYING coppery potion
  4426 | D:5      | 4426 ||| READING scroll labelled QAXTOTTYMM.
  4427 | D:5      | 4427 ||| READING 2 scrolls labelled NUOTEASUYN.
  4428 | D:5      | 4428 ||| DROPPING potion of degeneration.
  4429 | D:5      | 4429 ||| DROPPING scroll of poison.
  4431 | D:5      | 4431 ||| Stepping ~*~*~tactically~*~*~ (cloud).
  4530 | D:6      | Noticed Menkaure
  4535 | D:6      | Killed Menkaure
  4536 | D:6      | Reached skill level 1 in Armour
  4536 | D:6      | Reached XP level 9. HP: 20/50 MP: 11/11
  4590 | D:6      | 4590 ||| SWAPPING to +0 orcbow.
  4591 | D:6      | 4591 ||| DROPPING +1 shortbow.
  4761 | D:6      | Found an ancient bone altar of Kikubaaqudgha.
  4786 | D:6      | Found a staircase to the Ecumenical Temple.
  4787 | D:6      | 4787 ||| PLANNING TEMPLE
  4796 | Temple   | Entered the Ecumenical Temple
  4797 | Temple   | 4797 ||| PLANNING OKAWARU WORSHIP
  4805 | Temple   | Became a worshipper of Warmaster Okawaru
  4806 | Temple   | 4806 ||| PLANNING D:1-11
  4818 | D:6      | Found a bloodstained altar of Trog.
  4900 | D:6      | Noticed Pikel
  4901 | D:6      | 4901 ||| RETREEEEATING.
  4902 | D:6      | 4902 ||| RETREEEEATING.
  4906 | D:6      | 4906 ||| RETREEEEATING.
  4908 | D:6      | 4908 ||| RETREEEEATING.
  4909 | D:6      | 4909 ||| RETREEEEATING.
  4910 | D:6      | 4910 ||| RETREEEEATING.
  4912 | D:6      | 4912 ||| RETREEEEATING.
  4926 | D:6      | Killed Pikel
  4926 | D:6      | Reached * piety under Okawaru
  4927 | D:6      | Reached skill level 15 in Ranged Weapons
  5119 | D:6      | 5119 ||| READING 2 scrolls of identify.
  5119 | D:6      | 5119 ||| IDENTIFYING red potion
  5145 | D:7      | 5145 ||| READING scroll of enchant weapon.
  5145 | D:7      | 5145 ||| ENCHANTING +0 orcbow.
  5207 | D:6      | 5207 ||| READING 2 scrolls of identify.
  5207 | D:6      | 5207 ||| IDENTIFYING viscous white potion
  5208 | D:6      | 5208 ||| DROPPING potion of lignification.
  5209 | D:6      | 5209 ||| Stepping randomly (stuck).
  5210 | D:6      | 5210 ||| Stepping randomly (stuck).
  5211 | D:6      | 5211 ||| Stepping randomly (stuck).
  5212 | D:6      | 5212 ||| Stepping randomly (stuck).
  5213 | D:6      | 5213 ||| Stepping randomly (stuck).
  5214 | D:6      | 5214 ||| Stepping randomly (stuck).
  5215 | D:6      | 5215 ||| Stepping randomly (stuck).
  5216 | D:6      | 5216 ||| Stepping randomly (stuck).
  5217 | D:6      | 5217 ||| Stepping randomly (stuck).
  5218 | D:6      | 5218 ||| Stepping randomly (stuck).
  5219 | D:6      | 5219 ||| Stepping randomly (stuck).
  5220 | D:6      | 5220 ||| Stepping randomly (stuck).
  5221 | D:6      | 5221 ||| Stepping randomly (stuck).
  5222 | D:6      | 5222 ||| Stepping randomly (stuck).
  5223 | D:6      | 5223 ||| Stepping randomly (stuck).
  5224 | D:6      | 5224 ||| Stepping randomly (stuck).
  5225 | D:6      | 5225 ||| Stepping randomly (stuck).
  5226 | D:6      | 5226 ||| Stepping randomly (stuck).
  5227 | D:6      | 5227 ||| Stepping randomly (stuck).
  5228 | D:6      | 5228 ||| Stepping randomly (stuck).
  5229 | D:6      | 5229 ||| Stepping randomly (stuck).
  5230 | D:6      | 5230 ||| Stepping randomly (stuck).
  5231 | D:6      | 5231 ||| Stepping randomly (stuck).
  5232 | D:6      | 5232 ||| Stepping randomly (stuck).
  5233 | D:6      | 5233 ||| Stepping randomly (stuck).
  5234 | D:6      | 5234 ||| Stepping randomly (stuck).
  5235 | D:6      | 5235 ||| Stepping randomly (stuck).
  5236 | D:6      | 5236 ||| Stepping randomly (stuck).
  5237 | D:6      | 5237 ||| Stepping randomly (stuck).
  5238 | D:6      | 5238 ||| Stepping randomly (stuck).
  5239 | D:6      | 5239 ||| Stepping randomly (stuck).
  5240 | D:6      | 5240 ||| Stepping randomly (stuck).
  5241 | D:6      | 5241 ||| Stepping randomly (stuck).
  5242 | D:6      | 5242 ||| Stepping randomly (stuck).
  5243 | D:6      | 5243 ||| Stepping randomly (stuck).
  5244 | D:6      | 5244 ||| Stepping randomly (stuck).
  5245 | D:6      | 5245 ||| Stepping randomly (stuck).
  5246 | D:6      | 5246 ||| Stepping randomly (stuck).
  5247 | D:6      | 5247 ||| Stepping randomly (stuck).
  5248 | D:6      | 5248 ||| Stepping randomly (stuck).
  5249 | D:6      | 5249 ||| Stepping randomly (stuck).
  5250 | D:6      | 5250 ||| Stepping randomly (stuck).
  5251 | D:6      | 5251 ||| Stepping randomly (stuck).
  5252 | D:6      | 5252 ||| Stepping randomly (stuck).
  5253 | D:6      | 5253 ||| Stepping randomly (stuck).
  5254 | D:6      | 5254 ||| Stepping randomly (stuck).
  5255 | D:6      | 5255 ||| Stepping randomly (stuck).
  5256 | D:6      | 5256 ||| Stepping randomly (stuck).
  5257 | D:6      | 5257 ||| Stepping randomly (stuck).
  5258 | D:6      | 5258 ||| Stepping randomly (stuck).
  5259 | D:6      | 5259 ||| Stepping randomly (stuck).
  5260 | D:6      | 5260 ||| READING scroll of teleportation.
  5321 | D:7      | Reached skill level 1 in Invocations
  5440 | D:7      | Reached skill level 3 in Invocations
  5447 | D:7      | Reached skill level 16 in Ranged Weapons
  5460 | D:7      | Reached ** piety under Okawaru
  5723 | D:7      | 5723 ||| READING scroll of identify.
  5723 | D:7      | 5723 ||| IDENTIFYING 2 blue potions
  5882 | D:8      | Reached XP level 10. HP: 54/56 MP: 14/14
  5917 | D:8      | Found a viscous altar of Jiyva.
  5996 | D:8      | 5996 ||| RETREEEEATING.
  6103 | D:8      | Found a radiant altar of Vehumet.
  6277 | D:8      | Reached *** piety under Okawaru
  6464 | D:8      | 6464 ||| DRINKING 2 fuming white potions.
  6465 | D:8      | 6465 ||| DROPPING potion of brilliance.
  6536 | D:9      | 6536 ||| RETREEEEATING.
  6546 | D:9      | 6546 ||| RETREEEEATING.
  6547 | D:9      | 6547 ||| RETREEEEATING.
  6563 | D:9      | HP: 10/59 [killer bee (7)]
  6564 | D:9      | 6564 ||| READING 3 scrolls of teleportation.
  6565 | D:9      | 6565 ||| DRINKING potion of heal wounds.
  6576 | D:9      | HP: 11/59 [killer bee (5)]
  6577 | D:9      | 6577 ||| READING 2 scrolls of teleportation.
  6578 | D:9      | HP: 2/59 [killer bee (7)]
  6671 | D:9      | Found a flagged portal.
  6806 | D:9      | 6806 ||| RETREEEEATING.
  6807 | D:9      | 6807 ||| RETREEEEATING.
  6808 | D:9      | 6808 ||| RETREEEEATING.
  6809 | D:9      | 6809 ||| RETREEEEATING.
  6812 | D:9      | 6812 ||| INVOKING Heroism.
  6816 | D:9      | 6816 ||| DRINKING potion of haste.
  6816 | D:9      | HP: 11/55 [hornet (13)]
  6817 | D:9      | 6817 ||| READING scroll of teleportation.
  6817 | D:9      | HP: 5/55 [hornet (4)]
  6817 | D:9      | Paralysed by a hornet for 3 turns
  6818 | D:9      | HP: 1/55 [poisoned by a hornet]
  6818 | D:9      | Mangled by a hornet

Levels and vault maps discovered:
D:1:      spicycebolla_arrival_risky_transporter, layout_basic, serial_shops,
          shop, minmay_misc_feat_square, roderic_lattice_a
D:2:      layout_basic, serial_shops, nicolae_shop_pleasant_corner_grove,
          chequers_serial_rivers_micro_e, hex_intersection, minivault_11
D:3:      layout_loops_ring
D:4:      layout_loops_ring
D:5:      layout_loops_ring, gammafunk_ghost_split,
          hangedman_abyss_or_decor_slice, serial_bayou_ford_a, minmay_crossroads
D:6:      layout_loops_ring, nicolae_overflow_hidden_temple,
          kennysheep_mini_moat, minmay_temple_entry_statues_fountains,
          uniq_menkaure, uniq_pikel
D:7:      layout_rooms
D:8:      layout_loops_ring, vehumet_crystals, jiyva_altar_1
D:9:      layout_irregular_city, lightli_bailey_entry_fortress,
          guppyfry_early_elven_hall, uniq_jeremiah
Temple:   hellmonk_temple_of_storms

Skill      XL: |  1  2  3  4  5  6  7  8  9 10 |
---------------+-------------------------------+-----
Ranged Weapons | 6 7 8 9 10 12 14 16 | 16.0
Dodging        | 3 4 6 8 |  8.0
Fighting       | 2 3 4 5 |  5.3
Armour         | 1 2 |  2.0
Invocations    | 3 4 |  4.0
Stealth        | |  1.2

Action                     |  1- 3 |  4- 6 |  7- 9 | 10-12 || total
---------------------------+-------+-------+-------+-------++-------
   Fire: Shortbow          |   117 |   128 |   173 |       ||   418
         Orcbow            |       |       |   151 |   178 ||   329
 Invoke: Heroism           |       |       |       |     1 ||     1
    Use: Scroll            |     5 |     5 |     8 |     3 ||    21
         Potion            |       |     2 |     1 |     3 ||     6
 Armour: Leather armour    |     7 |       |       |       ||     7
         Troll leather arm |     1 |    33 |    27 |       ||    61
         Ring mail         |       |       |    22 |    64 ||    86
  Dodge: Dodged            |    19 |    45 |    99 |   145 ||   308

Table legend:
 A = Non-vault XP
 B = Vault XP
 C = Vault XP percentage of total XP
 D = Non-vault monster count
 E = Vault monster count
 F = Vault count percentage of total count
                 A         B        C        D         E       F
            +---------+---------+-------+---------+---------+-------
      Total |    6689 |    1108 |  14.2 |     149 |      19 |  11.3
            +---------+---------+-------+---------+---------+-------
        D:1 |      30 |       0 |   0.0 |      19 |       0 |   0.0
        D:2 |      23 |       0 |   0.0 |      12 |       0 |   0.0
        D:3 |      66 |       0 |   0.0 |      15 |       0 |   0.0
        D:4 |     278 |       0 |   0.0 |      14 |       0 |   0.0
        D:5 |    2327 |      57 |   2.4 |      37 |       1 |   2.6
        D:6 |     761 |     801 |  51.3 |      11 |       2 |  15.4
        D:7 |    1060 |       0 |   0.0 |      16 |       0 |   0.0
        D:8 |    1554 |     173 |  10.0 |      16 |       4 |  20.0
        D:9 |     590 |      77 |  11.5 |       9 |      12 |  57.1
            +---------+---------+-------+---------+---------+-------
